 Dungeon Crawl Stone Soup version 0.19-a0-1937-g70ed36a (webtiles) character file.

174 Gruud the Cudgeler (level 5, 0/55 HPs)
             Began as an Ogre Hunter on Oct 26, 2016.
             Slain by a gnoll
             ... wielding a +0 halberd
              (7 damage)
             ... on level 3 of the Dungeon.
             The game lasted 00:06:12 (2174 turns).

Gruud the Cudgeler (Ogre Hunter)                    Turns: 2174, Time: 00:06:13

Health: 0/55       AC:  3    Str: 18    XL:     5   Next: 54%
Magic:  14/14      EV: 10    Int: 10    God:
Gold:   141        SH:  0    Dex: 10    Spells: 0 memorised, 4 levels left

rFire  . . .     SeeInvis .     h - +0 club
rCold  . . .     Gourm    .     b - +0 robe
rNeg   . . .     Faith    .     (no shield)
rPois  .         Spirit   .     (helmet restricted)
rElec  .         Reflect  .     (no cloak)
rCorr  .         Harm     +     (gloves unavailable)
MR     .....                    (boots unavailable)
Stlth  +.........               j - amulet of harm
                                (no ring)
                                w - ring of magical power

@: no status effects
A: unfitting armour, tough skin 1
a: no special abilities


You were on level 3 of the Dungeon.
You were not hungry.

You visited 1 branch of the dungeon, and saw 3 of its levels.

You collected 141 gold pieces.

Inventory:

Hand Weapons
 a - a +2 spear of piercing
 h - a +0 club (weapon)
 i - a +0 spear
 t - a +0 short sword
Missiles
 c - 5 large rocks (quivered)
 d - 2 throwing nets
 r - 5 needles of sleeping
Armour
 b - a +0 robe (worn)
Jewellery
 j - an amulet of harm (around neck)
 w - a ring of magical power (left hand)
Scrolls
 e - 2 scrolls of blinking {unknown}
 m - a scroll of magic mapping {unknown}
 n - 3 scrolls of identify
 o - 2 scrolls of teleportation {unknown}
 q - a scroll of remove curse {unknown}
 v - 2 scrolls of fog {unknown}
 x - a scroll of amnesia {unknown}
Potions
 p - a potion of magic
 u - a potion of flight
Books
 y - a book of Clouds

   Spells                             Type                      Level
   a - Mephitic Cloud                 Conjuration/Poison/Air       3
   b - Conjure Flame                  Conjuration/Fire             3
   c - Poisonous Cloud                Conjuration/Poison/Air       6
   d - Freezing Cloud                 Conjuration/Ice/Air          6
   e - Ring of Flames                 Charms/Fire                  7
Comestibles
 f - a bread ration
 g - 7 chunks of flesh
 k - a meat ration
 z - a slice of pizza


   Skills:
 + Level 4.5 Fighting
 * Level 5.5 Maces & Flails
 - Level 4.0 Throwing
 - Level 1.7 Dodging
 - Level 0.6 Stealth


You had 4 spell levels left.
You didn't know any spells.

Dungeon Overview and Level Annotations

Branches:
Dungeon (3/15)

Altars:
Ru
Yredelemnul


Innate Abilities, Weirdness & Mutations

You are too large for most types of armour.
You have tough skin. (AC +1)


Message History

You barely miss the gnoll.
The gnoll is lightly wounded.
The dart slug bites you.
The gnoll hits you with an uncursed halberd.
You hit the gnoll but do no damage.
The gnoll is lightly wounded.
The dart slug misses you.
You hit the gnoll.
The gnoll is moderately wounded.
The gnoll hits you with an uncursed halberd!!
* * * LOW HITPOINT WARNING * * *
The dart slug bites you but does no damage.
You feel better.
The gnoll hits you with an uncursed halberd.
* * * LOW HITPOINT WARNING * * *
Unknown command.
You hit the gnoll but do no damage.
The gnoll is moderately wounded.
The gnoll hits you with an uncursed halberd.
You die...

#....w.#..<...#....#....(.
..c..รท..g.......gg........
##gg..o...w........###(.##
#)#############...###..#
#<# #...([.(..(.....# ###
#......###......# #......#
#......# #......###......#
#.....gg@w......#
##########......## .###
######## #.......# ...##
#......#########.# #.#...
#...........####.###.....
#...........##...)...P.P.
#...........##.##.#..._..
#.......(...<#.#.....P.P.
######......##.#...#.....


You could see 2 gnolls and a dart slug.

Vanquished Creatures
  A centaur (D:3)
  A gnoll (D:3)
  2 adders (D:3)
  3 worms
  A dart slug (D:2)
  3 leopard geckos
  4 orcs
  A ball python (D:1)
  3 giant cockroaches
  6 goblins
  4 hobgoblins
  4 jackals
  A quokka (D:2)
  3 bats
  6 frilled lizards
  3 kobolds (D:3)
  4 rats
50 creatures vanquished.

Notes
Turn   | Place    | Note
-------+----------+-------------------------------------------
     0 | D:1      | Gruud the Ogre Hunter began the quest for the Orb.
     0 | D:1      | Reached XP level 1. HP: 22/22 MP: 1/1
    50 | D:1      | Reached skill level 1 in Maces & Flails
   192 | D:1      | Reached XP level 2. HP: 31/31 MP: 2/2
   505 | D:1      | Reached skill level 2 in Maces & Flails
   940 | D:2      | Found a sacrificial altar of Ru.
   961 | D:2      | Reached XP level 3. HP: 28/37 MP: 3/3
   962 | D:2      | Reached skill level 3 in Maces & Flails
  1537 | D:3      | Reached XP level 4. HP: 36/48 MP: 4/4
  1538 | D:3      | Reached skill level 4 in Maces & Flails
  1717 | D:3      | Noticed a centaur
  1965 | D:3      | Found a basalt altar of Yredelemnul.
  2022 | D:3      | Killed a centaur
  2022 | D:3      | Reached skill level 5 in Maces & Flails
  2022 | D:3      | Reached XP level 5. HP: 37/55 MP: 5/5
  2174 | D:3      | Slain by a gnoll

Vault maps used:
D:1:      saegor_arrival_simple_c, hangedman_decor_points
D:2:      lemuel_crystal_altar
D:3:      yredelemnul_altar_generic

Skill      XL: |  1  2  3  4 |
---------------+-------------+-----
Maces & Flails | 1 2 3 5 |  5.5
Fighting       | 3 4 |  4.5
Throwing       | |  4.0
Dodging        | |  1.7
Stealth        | |  0.6

Action                   |  1- 3 |  4- 6 || total
-------------------------+-------+-------++-------
Melee: Spear             |    75 |    55 ||   130
       Short sword       |    11 |       ||    11
       Club              |       |     7 ||     7
  Use: Scroll            |     4 |       ||     4
       Potion            |       |     3 ||     3
 Stab: Sleeping          |     3 |       ||     3
  Eat: Chunk             |     2 |     2 ||     4
Armor: Robe              |    19 |     8 ||    27
Dodge: Dodged            |    29 |    30 ||    59
